 Dungeon Crawl Stone Soup version 0.26-a0-491-g70697cc071 (webtiles) character file.

Game seed: 7917457233980655468

14 ANON1729 the Sneak (level 2, 0/25 HPs)
             Began as a Palentonga Delver on Aug 4, 2020.
             Slain by a killer bee zombie (6 damage)
             ... in an ossuary.
             The game lasted 00:00:32 (190 turns).

ANON1729 the Sneak (Palentonga Delver)               Turns: 190, Time: 00:00:33

Health: 0/25       AC:  4    Str: 15    XL:     2   Next: 31%
Magic:  2/2        EV:  9    Int: 10    God:
Gold:   8          SH:  0    Dex: 11    Spells: 1/1 levels left

rFire    . . .     SeeInvis +   a - +0 falchion
rCold    . . .     Faith    .   (no shield)
rNeg     . . .     Spirit   .   b - +0 leather armour
rPois    .         Reflect  .   (no helmet)
rElec    .         Harm     .   (no cloak)
rCorr    .                      (no gloves)
MR       .....                  (boots restricted)
Stlth    ++........             (no amulet)
HPRegen  0.08/turn              (no ring)
MPRegen  0.08/turn              (no ring)

@: hasted, very quick
A: large, rugged brown scales 3, see invisible, deformed body, roll, armoured
tail
a: Rolling Charge


You were in an ossuary.
You visited 1 branch of the dungeon, and saw 1 of its levels.
You also visited: Ossuary.

You collected 8 gold pieces.

Inventory:

Hand Weapons
 a - a +0 falchion (weapon)
Armour
 b - a +0 leather armour (worn)
Wands
 g - a wand of digging (3)
Scrolls
 c - a scroll of fog
 d - a scroll of magic mapping
 e - a scroll of fear
 h - a scroll of amnesia {unknown}


   Skills:
 + Level 3.2 Fighting
 + Level 2.2 Long Blades
 + Level 1.8 Dodging
 + Level 3.5 Stealth


You had one spell level left.
You didn't know any spells.
Your spell library was empty.

Dungeon Overview and Level Annotations

Branches:
Dungeon (5/15)            Ossuary (1/1)
 Temple: D:4-7

Altars:


Innate Abilities, Weirdness & Mutations

You are completely covered in rugged brown scales. (AC +3, +7% HP)
You have supernaturally acute eyesight. (SInv)
Armour fits poorly on your strangely shaped body.
You can roll at foes to attack.
You have a long armoured tail.


Message History

You hit the mummy.
You destroy the mummy!
You have reached level 2!
You barely miss the killer bee zombie.
Your tail-slap misses the killer bee zombie.
The killer bee zombie hits you.
The killer bee zombie closely misses you.
You riposte.
You miss the killer bee zombie. You closely miss the killer bee zombie.
The killer bee zombie hits you!
You hit the killer bee zombie.
The killer bee zombie is moderately damaged.
The killer bee zombie hits you. x2
* * * LOW HITPOINT WARNING * * *
You barely miss the killer bee zombie.
The killer bee zombie is moderately damaged.
The killer bee zombie hits you but does no damage.
You hit the killer bee zombie.
The killer bee zombie is heavily damaged.
The killer bee zombie hits you.
You die...

#####
#∩..#
#.∩.#
#..@#
##Z##
..Z.
#'#'#'#
# #. M#
## ##


You could see a killer bee zombie and a howler monkey zombie.

Vanquished Creatures
  A mummy (Ossuary)
1 creature vanquished.

Vanquished Creatures (others)
  2 withered plants (Ossuary)
2 creatures vanquished.

Grand Total: 3 creatures vanquished

Notes
Turn   | Place    | Note
-------+----------+-------------------------------------------
     0 | D:5      | ANON1729 the Palentonga Delver began the quest for the Orb.
     0 | D:5      | Reached XP level 1. HP: 19/19 MP: 1/1
    59 | D:5      | Found a sand-covered staircase.
    85 | Ossuary  | Entered an ossuary
   185 | Ossuary  | Reached XP level 2. HP: 25/25 MP: 2/2
   190 | Ossuary  | Slain by a killer bee zombie

Illustrated notes

Levels and vault maps discovered:
D:5:      layout_basic, enter_ossuary_1, hangedman_abyss_or_decor_stagger,
          kennysheep_small_square
Ossuary:  ossuary_zaba_flooded

Action                   || total
-------------------------++-------
Melee: Falchion          ||    12
       Tailslap          ||     1
  Use: Potion            ||     1
Armor: Leather armour    ||     1
Dodge: Dodged            ||     5
       Rpst.: Falchion   ||     2

Table legend: (Time is in decaauts)
 A = Elapsed time spent in this place.
 B = Non-inter-level travel time spent in this place.
 C = Inter-level travel time spent in this place.
 D = Time resting spent in this place.
 E = Time spent auto-exploring this place.
 F = Levels seen in this place.
 G = Mean time per level.
                   A        B        C        D        E       F      G
               +--------+--------+--------+--------+--------+-----+--------+
         Total |    187 |    177 |     10 |     88 |     75 |   2 |   93.5 |
       Dungeon |     85 |     75 |     10 |      0 |     73 |   1 |   85.0 |
       Ossuary |    102 |    102 |      0 |     88 |      2 |   1 |  102.0 |
               +--------+--------+--------+--------+--------+-----+--------+

Top non-repeatable levels by time:
 Ossuary: 102 daAuts
     D:5: 85 daAuts
